Cogmind - Beta 15 @@@ ROGUE MODE // 2025.07.21 @ 09:40:17 Player: FenRhew Result: Destroyed by DAS Turret with DAS Cannon Performance ------------- Evolutions (1) 500 Regions Visited (4) 800 Robots Destroyed (40) 200 Value Destroyed (1181) 1181 Prototype IDs (4) 80 Alien Tech Used (0) 0 Bonus (35) 35 TOTAL SCORE: 2796 Bonus ------- Follower Combat Kills 35 Cogmind --------- Core Integrity 0/400 Matter 268/300 Energy 92/100 System Corruption 6% Temperature Warm (137) Movement Walking (120) Location -9/Exiles Parts ------- > --- POWER (1) -------- (None) > --- PROPULSION (3) --- Improved Aluminum Leg Improved Aluminum Leg > --- UTILITY (3) ------ Large Storage Unit Improved Targeting Computer > --- WEAPON (2) ------- (None) > --- INVENTORY (15) --- Improved Ion Engine Light Angular Momentum Engine Aluminum Leg Aluminum Leg Improved Aluminum Leg Heat Sink High-capacity Battery (250) Experimental Sensor Array Signal Interpreter Transport Network Coupler Light Armor Plating Advanced Beam Cannon Datajack Mining Laser Peak State ------------ > --- POWER ------------ Light Nuclear Core > --- PROPULSION ------- Improved Aluminum Leg Improved Aluminum Leg Improved Aluminum Leg > --- UTILITY ---------- Large Storage Unit Improved Targeting Computer Hardened Light Armor Plating > --- WEAPON ----------- Advanced Beam Cannon Advanced Beam Cannon > --- INVENTORY -------- Improved Ion Engine Light Angular Momentum Engine Aluminum Leg Aluminum Leg Aluminum Leg Aluminum Leg Improved Aluminum Leg Heat Sink Experimental Sensor Array Signal Interpreter Transport Network Coupler Light Armor Plating Rocket Launcher Datajack Mining Laser [Rating: 23] Favorites ----------- Power Improved Ion Engine Engine Improved Ion Engine Power Core Light Nuclear Core Propulsion Aluminum Leg Treads Light Treads Leg Aluminum Leg Utility Improved Targeting Computer Device Sensor Array Storage Large Storage Unit Processor Improved Targeting Computer Protection Hardened Light Armor Plating Weapon Advanced Beam Cannon Energy Gun Improved EM Shotgun Energy Cannon Advanced Beam Cannon Ballistic Gun Autogun Launcher Mini Grenade Launcher Build | -11 -10 -9 -9 -9 ------- Run | Yrd Mat Mat Min Exi Slots Evolved 2 | . . 2 . . Power . | . . . . . Propulsion 1 | . . 1 . . Utility 1 | . . 1 . . Weapon . | . . . . . Parts Attached 36 | 6 2 26 1 1 Power 5 | 1 . 3 1 . Engine 4 | 1 . 3 . . Core 1 | . . . 1 . Reactor . | . . . . . Propulsion 14 | 2 . 12 . . Treads 3 | 2 . 1 . . Leg 11 | . . 11 . . Wheel . | . . . . . Hover . | . . . . . Flight . | . . . . . Utility 6 | 1 1 4 . . Device 1 | . . 1 . . Storage 3 | 1 . 2 . . Processor 1 | . 1 . . . Hackware . | . . . . . Protection 1 | . . 1 . . Artifact . | . . . . . Weapon 11 | 2 1 7 . 1 Energy Gun 6 | 2 1 3 . . Energy Cannon 2 | . . 2 . . Ballistic Gun 1 | . . 1 . . Ballistic Cannon . | . . . . . Launcher 2 | . . 1 . 1 Special Weapon . | . . . . . Impact Weapon . | . . . . . Slashing Weapon . | . . . . . Piercing Weapon . | . . . . . Special Melee Weapon . | . . . . . Unidentified Prototypes 1 | . . 1 . . Parts Lost 12 | . . 7 . 5 Power 2 | . . 1 . 1 Propulsion 2 | . . 1 . 1 Utility 2 | . . 1 . 1 Weapon 6 | . . 4 . 2 Highest Loss Streak 5 | . . 2 . 5 To Critical Strikes . | . . . . . Average Backups 10 | 2 7 9 14 13 Power 1 | . 1 . 2 2 Propulsion 3 | 1 3 2 5 3 Utility 2 | . . 2 4 5 Weapon 2 | . 3 3 1 2 Tool/Special . | . . . . . Unused Backups 23 | . 2 8 1 12 Power 3 | . . . 1 2 Propulsion 4 | . . 1 . 3 Utility 8 | . 1 1 . 6 Weapon 7 | . 1 6 . . Tool/Special 1 | . . . . 1 Average Slot Usage (%) 98 | . 97 98 100 99 Engine 8 | . 14 10 4 . Core 2 | . . . 6 11 Treads 6 | . 28 7 . . Leg 26 | . . 25 33 33 Device 4 | . . 7 . . Storage 11 | . 14 11 11 11 Processor 11 | . 11 11 11 11 Protection 4 | . . 2 11 10 Energy Gun 12 | . 28 17 . . Energy Cannon 9 | . . 4 22 21 Peak Build Rating 23 | 6 9 20 23 22 Average Rating 16 | 5 8 14 21 21 On Entrance 11 | . 6 9 20 23 Naked Turns . | . . . . . Heaviest Build 40 | 13 14 40 40 38 Greatest Support 60 | 40 40 60 39 39 Greatest Overweight (x) 1 | . . 1 1 . Average Overweight (x) . | . . . . . Largest Inventory Capacity 15 | 8 8 15 15 15 Average Capacity 11 | 7 8 10 15 15 Most Carried 15 | 5 8 15 15 14 Average Carried 10 | 3 7 9 14 13 Final Capacity 15 | 8 8 15 15 15 Final Carried 15 | 5 8 15 15 14 Class Distribution -------------------- 75% | Mutant 24% | Scavenger-Mutant Dominant Class ---------------- Mutant | -10/Materials Mutant | -9/Materials Mutant | -9/Mines Mutant | -9/Exiles Resources | -11 -10 -9 -9 -9 ----------- Run | Yrd Mat Mat Min Exi Matter Collected 620 | 128 44 420 26 2 Remotely . | . . . . . Salvage Created 1590 | . 87 1347 143 13 Parts 82 | . 5 68 8 1 Haulers Intercepted 2 | . . 2 . . Recyclers Shooed . | . . . . . Parts Field Recycled . | . . . . . Retrieved Matter . | . . . . . Parts Self-Destructed . | . . . . . Prevented . | . . . . . Kills | -11 -10 -9 -9 -9 ------- Run | Yrd Mat Mat Min Exi Combat Hostiles Destroyed 34 | . 3 27 3 1 Guns 20 | . 3 17 . . Cannons 4 | . . 1 3 . AOE 7 | . . 6 . 1 Classes Destroyed 10 | . 2 6 . 2 Worker 1 | . . 1 . . Hauler 2 | . . 2 . . Operator 1 | . . 1 . . Watcher 2 | . . 2 . . Swarmer 5 | . 1 4 . . Grunt 20 | . 2 15 3 . Brawler 2 | . . 2 . . Sentry 6 | . . 6 . . Zionite 1 | . . . . 1 Assembled 1 | . . . . 1 Best Kill Streak 4 | . 3 4 3 2 Combat Bots Only 4 | . 3 4 3 1 Max Kills in Single Turn 3 | . 1 3 1 2 Gunslinging . | . . . . . Exploded 2 | . . 2 . 1 Melee . | . . . . . Uniques/NPCs Destroyed . | . . . . . Combat | -11 -10 -9 -9 -9 -------- Run | Yrd Mat Mat Min Exi Hostile Shots Fired 159 | . 13 104 8 34 Missed 44 | . 3 30 2 9 Hits 115 | . 10 74 6 25 Melee 4 | . . 1 3 . Projectile 111 | . 10 73 3 25 Critical Strikes 2 | . . 1 . 1 Damage Taken 2093 | . 101 1087 133 772 Core 444 | . 30 110 48 256 Absorbed by Shields . | . . . . . Core Remaining (%) 94 | 100 88 . . . Volleys Fired 93 | . 7 76 5 5 Largest 2 | . 2 2 2 2 Hottest 136 | . 100 136 136 136 Shots Fired 185 | . 14 149 11 11 Gun 151 | . 14 137 . . Cannon 32 | . . 11 11 10 Launcher 2 | . . 1 . 1 Special . | . . . . . Kinetic 4 | . . 4 . . Thermal 109 | . 14 74 11 10 Explosive 2 | . . 1 . 1 Electromagnetic 70 | . . 70 . . Robot Hit Streak 28 | . 9 28 6 3 Robot Miss Streak 6 | . 1 3 1 6 Penetration Max . | . . . . . Secondary Targets . | . . . . . Shots Hit Robots 137 | . 11 116 7 3 Core Hits 70 | . 5 56 5 4 Critical Kills 1 | . . 1 . . Critical Parts Destroyed . | . . . . . Critical Strikes 9 | . 2 7 . . Burn 8 | . 2 6 . . Meltdown 1 | . . 1 . . Melee Attacks . | . . . . . Impact . | . . . . . Slashing . | . . . . . Piercing . | . . . . . Sneak Attacks . | . . . . . Combat Hostiles . | . . . . . Follow-up Attacks . | . . . . . Damage Inflicted 2794 | . 148 2233 143 270 Guns 1785 | . 148 1637 . . Cannons 389 | . . 164 143 82 Explosions 620 | . . 432 . 188 Melee . | . . . . . Ramming . | . . . . . Kinetic 12 | . . 12 . . Thermal 1530 | . 148 1157 143 82 Explosive 188 | . . . . 188 Electromagnetic 1064 | . . 1064 . . Impact . | . . . . . Slashing . | . . . . . Piercing . | . . . . . Highest Corruption 6 | . . 5 5 6 Average Corruption 5 | . . 5 5 5 Corruption Purged . | . . . . . Corruption Blocked . | . . . . . Effects 29 | . . 10 15 4 Message Errors 4 | . . . 4 . Matter Fused 11 | . . 6 5 . Heat Flow Errors 2 | . . . 2 . Energy Discharges 2 | . . . 1 1 Parts Fused 2 | . . 1 1 . Data Loss (minor) 5 | . . 2 1 2 Misfires 3 | . . 1 1 1 Overload Shots . | . . . . . Overflow Damage 47 | . . 39 . 8 Projectiles . | . . . . . Explosions 47 | . . 39 . 8 Melee . | . . . . . Knockbacks . | . . . . . Impact . | . . . . . Kinetic . | . . . . . Secondary . | . . . . . Self-Inflicted Damage 168 | . . 168 . . Shots 5 | . . 5 . . Rammed . | . . . . . Targets Rammed . | . . . . . Kicked . | . . . . . Crushed . | . . . . . Highest Temperature 435 | . 243 363 435 390 Average Temperature 103 | . 105 68 183 250 Received Heat Transfer 468 | . 48 399 21 . Effects 8 | . . 1 6 1 Energy Bleed 4 | . . 1 3 . Interference 4 | . . . 3 1 Siege Activations . | . . . . . Martial Activations . | . . . . . Shielding Activations . | . . . . . Robots Disrupted . | . . . . . Combat Hostiles . | . . . . . Robots Corrupted 1 | . . 1 . . Combat Hostiles 1 | . . 1 . . Parts Fried 7 | . . 7 . . Impact Corruptions . | . . . . . Robots Melted 2 | . . 2 . . Combat Hostiles 2 | . . 2 . . Parts Melted 11 | . 2 9 . . Heat Transferred 3765 | . 592 2805 220 148 Parts Sabotaged . | . . . . . Parts Stolen . | . . . . . Parts Stripped . | . . . . . Power Chain Reactions 6 | . . 6 . . Alert | -11 -10 -9 -9 -9 ------- Run | Yrd Mat Mat Min Exi Maximum Alert Level 1 | . . 1 . . Low Security (%) 85 | 100 100 76 100 . Level 1 14 | . . 23 . . Level 2 . | . . . . . Level 3 . | . . . . . Level 4 . | . . . . . Level 5 . | . . . . . High Security . | . . . . . Max Security . | . . . . . Peak Influence 304 | . 90 304 109 . Initial 109 | . . 33 109 . Average 86 | . 20 120 31 . Influence Increases 1066 | . 105 866 95 . Destroy 0b10 Robot/C 680 | . 60 540 80 . Destroy 0b10 Robot/NC 30 | . . 30 . . Destroy Leader 158 | . 10 138 10 . Allied During Kill 5 | . . . 5 . Successful Hack 15 | . 5 10 . . Select Force Hacks 30 | . . 30 . . Disable Machine 30 | . . 30 . . Destroy Structure 43 | . . 43 . . Lose Combat Pursuer 75 | . 30 45 . . Influence Decreases 1066 | . 25 665 376 . Entered New Map 219 | . . 47 172 . Time Decay 777 | . 25 548 204 . Lost Part 70 | . . 70 . . Squads Dispatched 7 | . 1 5 1 . Investigation 4 | . 1 3 . . Extermination . | . . . . . Reinforcement 2 | . . 2 . . Assault 1 | . . . 1 . Garrison . | . . . . . Intercept . | . . . . . Searches Triggered . | . . . . . Construction Impeded . | . . . . . Haulers Reinforced . | . . . . . Active Scanning Responses . | . . . . . Cargo Convoy Interrupts . | . . . . . Stealth | -11 -10 -9 -9 -9 --------- Run | Yrd Mat Mat Min Exi Distress Signals 3 | . 1 2 . . Communications Jammed . | . . . . . Distress Signals . | . . . . . Times Spotted 55 | . 5 37 5 8 Peak Tracking Total 13 | . 4 4 5 13 Tactical Retreats 4 | . 1 3 . . Traps | -11 -10 -9 -9 -9 ------- Run | Yrd Mat Mat Min Exi Traps Triggered 2 | . 1 1 . . Indirectly . | . . . . . Trap Hack Attempts . | . . . . . Triggered . | . . . . . Disarmed . | . . . . . Reprogrammed . | . . . . . Reused . | . . . . . Traps Extracted . | . . . . . Installed . | . . . . . Triggered . | . . . . . Machines | -11 -10 -9 -9 -9 ---------- Run | Yrd Mat Mat Min Exi Machines Disabled 8 | . . 2 . 6 Max in Single Turn 4 | . . 1 . 4 Machines Repaired . | . . . . . Machines Dismantled . | . . . . . Machines Sabotaged . | . . . . . Overloaded Fab Kills . | . . . . . Hacking | -11 -10 -9 -9 -9 --------- Run | Yrd Mat Mat Min Exi Machines Accessed 10 | . 3 7 . . Terminals 8 | . 3 5 . . Fabricators . | . . . . . Repair Stations . | . . . . . Recycling Units 2 | . . 2 . . Scanalyzers . | . . . . . Garrison Access . | . . . . . Total Hacks 24 | . 9 15 . . Successful 9 | . 3 6 . . Failed 15 | . 6 9 . . Catastrophic 2 | . 1 1 . . Database Lockouts . | . . . . . Manual 17 | . 8 9 . . Terminals 20 | . 9 11 . . Fabricators . | . . . . . Repair Stations . | . . . . . Recycling Units 4 | . . 4 . . Scanalyzers . | . . . . . Garrison Access . | . . . . . Terminal Hacks 6 | . 1 5 . . Prototype ID Bank 2 | . 1 1 . . Branch Access Points 1 | . . 1 . . Alert Level 1 | . . 1 . . Recall Investigation 1 | . . 1 . . Zone Layout 1 | . . 1 . . Fabricator Hacks . | . . . . . Repair Station Hacks . | . . . . . Recycling Unit Hacks . | . . . . . Scanalyzer . | . . . . . Garrison Access Hacks . | . . . . . Unauthorized Hacks 3 | . 2 1 . . Terminals 2 | . 2 . . . Botnet 2 | . 2 . . . Fabricators . | . . . . . Repair Stations . | . . . . . Recycling Units 1 | . . 1 . . Tunnel 1 | . . 1 . . Scanalyzers . | . . . . . Garrison Access . | . . . . . Data Cores Recovered . | . . . . . Used . | . . . . . Hacking Detections 9 | . 3 6 . . Full Trace Events 3 | . . 3 . . Feedback Events . | . . . . . Feedback Blocked . | . . . . . Robot Schematics Acquired . | . . . . . Robots Built . | . . . . . Authchips . | . . . . . Time . | . . . . . Total Robot Build Rating . | . . . . . Part Schematics Acquired . | . . . . . Parts Built . | . . . . . Authchips . | . . . . . Time . | . . . . . Total Part Build Rating . | . . . . . Parts Repaired . | . . . . . Time . | . . . . . Parts Recycled . | . . . . . Recycled Matter . | . . . . . Retrieved Matter . | . . . . . Retrieved Components . | . . . . . Parts Scanalyzed . | . . . . . Part Schematics Acquired . | . . . . . Parts Damaged . | . . . . . Bothacking | -11 -10 -9 -9 -9 ------------ Run | Yrd Mat Mat Min Exi Used RIF Installer . | . . . . . Robots Hacked . | . . . . . Non-combat . | . . . . . Combat . | . . . . . Robot Hacks Applied . | . . . . . Relay Couplers Released . | . . . . . Fabnet Peak Effective % . | . . . . . Robots Rewired . | . . . . . Allies Hacked . | . . . . . Hacks Repelled . | . . . . . Allies | -11 -10 -9 -9 -9 -------- Run | Yrd Mat Mat Min Exi Total Allies 1 | . . . 1 . Largest Group 1 | . . . 1 1 Highest-Rated Group 31 | . . . 31 26 Highest-Rated Ally 31 | . . . 31 26 Total Orders . | . . . . . Ally Attacks 7 | . . . 3 4 Total Damage 107 | . . . 64 43 Kills 1 | . . . 1 . Allies Corrupted . | . . . . . Allies Melted . | . . . . . Intel | -11 -10 -9 -9 -9 ------- Run | Yrd Mat Mat Min Exi Active Infowar (turns) 1140 | . . 1140 . . Sensors 1140 | . . 1140 . . Robot Analysis Total . | . . . . . Derelict Logs Recovered 2 | . . . 2 . Drone Launches . | . . . . . Drone Recoveries . | . . . . . Exploration | -11 -10 -9 -9 -9 ------------- Run | Yrd Mat Mat Min Exi Turns Passed 2797 | 90 175 1681 700 151 Spaces Moved 1528 | 50 88 856 423 111 Core 3 | 3 . . . . Treads 334 | 47 88 199 . . Legs 1191 | . . 657 423 111 Wheels . | . . . . . Hover . | . . . . . Flight . | . . . . . Fastest Speed 50 | 50 160 120 120 120 Average Speed 140 | 153 160 142 138 120 Slowest Speed 190 | 160 160 190 190 120 Overloaded Moves . | . . . . . Propulsion Burnouts . | . . . . . Robots Hopped . | . . . . . Potential Cave-ins . | . . . . . Cave-ins Triggered . | . . . . . Exploration Rate (%) 41 | 4 17 64 77 44 Regions Visited 4 Branch Regions 2 Pre-discovered Areas 1 | . . 1 . . Known Exits Taken 2 | . . 1 1 . Unknown Exits Taken 2 | 1 1 . . . Scrap Searched 1 | . . . 1 . Spaces Dug . | . . . . . Terrain Destroyed 41 | . . 38 . 3 Melee . | . . . . . Projectile . | . . . . . AOE 41 | . . 38 . 3 Terrain Rammed . | . . . . . Walls Destroyed . | . . . . . Machines Disabled . | . . . . . Actions | -11 -10 -9 -9 -9 --------- Run | Yrd Mat Mat Min Exi Total 2007 | 60 109 1186 532 120 Wait 271 | . 2 178 91 . Move 1524 | 49 87 855 422 111 Hop . | . . . . . Pick Up 44 | 5 7 25 6 1 Fast Attach 12 | 6 1 4 1 . Attach 11 | . . 11 . . Detach . | . . . . . Swap 15 | . 1 13 . 1 Drop 37 | . 4 24 7 2 Fire 93 | . 7 76 5 5 Melee . | . . . . . Ram . | . . . . . Kick . | . . . . . Crush . | . . . . . Escape Stasis . | . . . . . Rewire . | . . . . . Trap . | . . . . . Miscellaneous . | . . . . . Route ------- -11/Scrapyard -10/Materials -9/Materials (discovered 2 exits: [*Mat] / *Min) -9/Mines (discovered 2 exits: [*Mat] / *Exi) -9/Exiles (discovered 1 exit: [*Min]) History --------- Turn | Location | Event 45 | -11/Scrapyard | Discovered new exit (range 14) 91 | -11/Scrapyard | Entered Materials 193 | -10/Materials | Discovered new exit (range 10) 266 | -10/Materials | Entered another Materials area 266 | -9/Materials | Evolved 2 slots: Propulsion x1, Utility x1 306 | -9/Materials | Build established: Mutant 821 | -9/Materials | Discovered new exit (range 13) 1441 | -9/Materials | Build established: Scavenger-Mutant 1542 | -9/Materials | Identified exit to Mines 1947 | -9/Materials | Entered Mines 1955 | -9/Mines | Received a Rocket Launcher from a helpful Derelict 2107 | -9/Mines | Build established: Mutant 2163 | -9/Mines | Discovered new exit (range 7) 2164 | -9/Mines | Met a Derelict testing a Signal Generator 2548 | -9/Mines | Identified exit to Exiles 2575 | -9/Mines | Found a damaged Exp. Sensor Array with a note attached 2578 | -9/Mines | Found Prototype Device 2618 | -9/Mines | Learned location of 1 exit from Lower Caves 2642 | -9/Mines | Deemed a non-threat by the Exiles lab entrance 2647 | -9/Mines | Entered Exiles 2647 | -9/Exiles | Accompanied by 1 ally 2668 | -9/Exiles | Discovered new exit (range 14) 2687 | -9/Exiles | Met 8R-AWN 2701 | -9/Exiles | Met EX-HEX 2767 | -9/Exiles | Attacked by the Exiles 2778 | -9/Exiles | Core integrity fell below 50% 2789 | -9/Exiles | Core integrity fell below 20% 2798 | -9/Exiles | Destroyed by DAS Turret with DAS Cannon Last Messages --------------- 02772_ Machine disabled. 02775_ NM-F70(g) destroyed. 02777_ Knocked back. 02781_ Hrd. Light Armor Plating destroyed. 02782_ EX-BIN: "I just want to science!" 02783_ Destroyed Asb. Hover Unit. 02783_ as-22767 destroyed. 02783_ Machine disabled. 02788_ Knocked back. 02789_ Acquired 2 matter. 02790_ Overheating: System interference. 02790_ Imp. Targeting Computer temporarily disabled. 02790_ System corrupted: Component data lost. 02792_ Knocked back. 02794_ Lgt. Nuclear Core destroyed. 02794_ Knocked back. 02796_ Rocket Launcher destroyed. 02798_ Adv. Beam Cannon destroyed. 02798_ Imp. Aluminum Leg destroyed. Map ----- +----------------------------------------------------+ | ?????????????????????????????????????????????????? | | ?????????????????????????????????????????????????? | | ?????????????????????????????????????????????????? | | ?????????????????????????????????????????????????? | | ?????????????????????????????????????????????????? | | ?????????????????????????????????????????????????? | | ?????????????????????????????????????????????????? | | ?????????????????????????????????????????????????? | | ?????????????????????????????????????????????????? | | ?????????????????????????????????????????????????? | | ??????????????????????? ?????????????????????????? | | ??????????????????????" ?????????????????????????? | | ??????????????????????" ?????????????????????????? | | ??????????????????????" ????????????????????????? | | ??????????????????????" ????????????????????????? | | ?????????????????????? ????????????????????????? | | ??????????????????????" ????????????????????????? | | ??????????????????????# ????????????????????????? | | ??????????????#?????### ###??#####""?? ?????????? | | ???????????? """#####X# #"###""""""" ????????? | | ???????????? """""" " "" ????????? | | ??????????? "" """ " ???####" | | ??????????? " " ? " | | ?????????? | | ???????????# | | ????????????# @ | | ?????????????# % | | ?????????????##" % | | ??????????????#""" """"""?? | | ??????????????#" ####????? | | ??????????????"" % ""##????????#""" | | ??????????????""" """##??????????#""" | | ??????????????"" a"""##???????????#"""" | | ??????????????"" %a "#???????????##"" | | ?????????????"" a########??####"""" | | ?????????????""" a "# ####""" | | ?????????????"" """" | | ??????????????"" t % | | ??????????????"""" % % | | ??????????????# % | | ??????????????# %" | | ??????????????#""" ""## " " " | | ????????????????" ""#### ######""" | | ???????????????" """"##??# #????###"" | | ????????????????"" """#??## ####???### | | ????????????????? ""##??#! "!#?????? | | ?????????????????" """##???#" !#?????? | | ?????????????????? " #?????#" "#?????? | | ???????????????????"" #??????#! ""!"#?????? | | ????????????????????? ???????########?????? | +----------------------------------------------------+ Best States ------------- Heat Dissipation 28 Energy Generation 14 Energy Capacity 265 Matter Stores 300 Matter Capacity 300 Sight Range 16 Robot Scan Range 14 Terrain Scan Density 10 Armor Coverage 150 Evasion (%) 55 Targeting Accuracy 6 Recoil Reduction 3 Item Schematics ----------------- None Robot Schematics ------------------ None Fabricated ------------ Nothing Repaired ---------- Nothing Alien Tech Used ----------------- None Achievements -------------- None Challenges ------------ None Game ------ Seed PitchforkNetworkFlakker Manual? 0 Play Time 00:22:55 Cumulative 57.5 hours Start 2025.07.21 @ 09:19:21 End 2025.07.21 @ 09:40:17 Sessions 1 Manual Loads 0 Difficulty Rogue Special Mode None Game No. 43 Rogue 43 Adventurer 0 Explorer 0 Win Type - Total 0 Types 0/0/0/0/0/0/0/0/0/0 Lore% 39 Gallery% 43 Achievement% 37 Wizard Run 0 Options --------- Layout 1 ASCII 0 Keyboard 0 Movement Numpad Keybinds 0 Fullscreen 1 Font 24/Smallcaps Map View 50x35 Zoom Use 0% Tactical HUD 1 Map Filters NONE Filters NONE Steam 1 RUN: 2a90a1aa-cadd-4375-b95a-6d026814d603